Cogmind - Beta 13 @@@ ROGUE MODE // 2024.05.07 @ 20:02:46 Player: aparent Result: Destroyed by Y-45 Defender with Beam Rifle Performance ------------- Evolutions (1) 500 Regions Visited (3) 600 Robots Destroyed (23) 115 Value Destroyed (449) 449 Prototype IDs (0) 0 Alien Tech Used (0) 0 Bonus (0) 0 TOTAL SCORE: 1664 Bonus ------- None Cogmind --------- Core Integrity 0/400 Matter 278/500 Energy 100/100 System Corruption 0% Temperature Cool (24) Movement Core (400) Ox7 Location -9/Materials Parts ------- > --- POWER (2) -------- (None) > --- PROPULSION (2) --- (None) > --- UTILITY (3) ------ Large Storage Unit High-capacity Matter Pod Signal Interpreter > --- WEAPON (2) ------- (None) > --- INVENTORY (15) --- Light Nuclear Core Light Nuclear Core Improved Aluminum Leg Armored Wheel Improved Heat Sink Seismic Detector Grenade Launcher Datajack Peak State ------------ > --- POWER ------------ Light Nuclear Core Light Nuclear Core > --- PROPULSION ------- Improved Aluminum Leg Improved Aluminum Leg > --- UTILITY ---------- Improved Heat Sink Large Storage Unit High-capacity Matter Pod > --- WEAPON ----------- High-powered Shotgun Grenade Launcher > --- INVENTORY -------- Light Nuclear Core Light Nuclear Core Light Treads Disposable Heat Sink Seismic Detector Datajack [Rating: 20] Favorites ----------- Power Light Nuclear Core Engine Light Ion Engine Power Core Light Nuclear Core Propulsion Light Treads Treads Light Treads Leg Improved Aluminum Leg Utility High-capacity Matter Pod Device Improved Heat Sink Storage High-capacity Matter Pod Processor Signal Interpreter Weapon Grenade Launcher Energy Cannon Beam Cannon Ballistic Gun High-powered Shotgun Ballistic Cannon Light Cannon Launcher Grenade Launcher Build | -11 -10 -10 -9 ------- Run | Yrd Mat Min Mat Slots Evolved 2 | . . . 2 Power 1 | . . . 1 Propulsion . | . . . . Utility 1 | . . . 1 Weapon . | . . . . Parts Attached 24 | 6 8 1 9 Power 6 | 1 1 . 4 Engine 4 | 1 1 . 2 Core 2 | . . . 2 Reactor . | . . . . Propulsion 4 | 2 . . 2 Treads 2 | 2 . . . Leg 2 | . . . 2 Wheel . | . . . . Hover . | . . . . Flight . | . . . . Utility 7 | 1 4 . 2 Device 1 | . . . 1 Storage 4 | 1 3 . . Processor 2 | . 1 . 1 Hackware . | . . . . Protection . | . . . . Artifact . | . . . . Weapon 7 | 2 3 1 1 Energy Gun . | . . . . Energy Cannon 1 | . 1 . . Ballistic Gun 4 | 2 1 . 1 Ballistic Cannon 1 | . . 1 . Launcher 1 | . 1 . . Special Weapon . | . . . . Impact Weapon . | . . . . Slashing Weapon . | . . . . Piercing Weapon . | . . . . Special Melee Weapon . | . . . . Unidentified Prototypes . | . . . . Parts Lost 6 | . . . 6 Power 2 | . . . 2 Propulsion 2 | . . . 2 Utility . | . . . . Weapon 2 | . . . 2 Highest Loss Streak 6 | . . . 6 To Critical Strikes . | . . . . Average Slot Usage (%) 88 | . 88 85 93 Engine 10 | . 14 14 . Core 5 | . . . 20 Treads 13 | . 21 14 3 Leg 3 | . . . 13 Device 2 | . . . 8 Storage 24 | . 21 28 22 Processor 2 | . 5 . 2 Energy Cannon 1 | . 5 . . Ballistic Gun 4 | . 4 1 10 Ballistic Cannon 5 | . . 12 . Launcher 12 | . 13 14 10 Naked Turns . | . . . . Heaviest Build 41 | 13 35 33 41 Greatest Support 40 | 40 40 20 26 Greatest Overweight (x) 7 | . 1 1 7 Average Overweight (x) . | . . 1 1 Largest Inventory Capacity 15 | 8 15 15 15 Average Capacity 13 | 6 10 15 15 Most Carried 11 | 3 5 8 11 Average Carried 6 | 1 4 6 7 Final Capacity 15 | 8 15 15 15 Final Carried 8 | 2 4 8 8 Class Distribution -------------------- 100% | Mutant Dominant Class ---------------- Mutant | -10/Materials Mutant | -10/Mines Mutant | -9/Materials Resources | -11 -10 -10 -9 ----------- Run | Yrd Mat Min Mat Matter Collected 554 | 63 163 174 154 Remotely . | . . . . Salvage Created 667 | . 238 130 299 Parts 47 | . 21 6 20 Haulers Intercepted . | . . . . Recyclers Shooed 2 | . 1 1 . Parts Field Recycled . | . . . . Retrieved Matter . | . . . . Parts Self-Destructed . | . . . . Prevented . | . . . . Kills | -11 -10 -10 -9 ------- Run | Yrd Mat Min Mat Combat Hostiles Destroyed 12 | . 5 2 5 Guns 4 | . . . 4 Cannons 2 | . 1 1 . AOE 6 | . 4 1 1 Classes Destroyed 5 | . 5 . . Worker 3 | . 2 . 1 Recycler 5 | . 2 1 2 Watcher 3 | . 2 . 1 Swarmer 4 | . 3 . 1 Grunt 8 | . 2 2 4 Best Kill Streak 5 | . 5 3 5 Combat Bots Only 3 | . 3 2 3 Max Kills in Single Turn 3 | . 3 1 2 Gunslinging . | . . . . Exploded 2 | . 2 1 1 Melee . | . . . . Uniques/NPCs Destroyed . | . . . . Combat | -11 -10 -10 -9 -------- Run | Yrd Mat Min Mat Hostile Shots Fired 129 | . 9 8 112 Missed 42 | . 3 5 34 Damage Taken 1078 | . 92 50 936 Core 440 | . 19 16 405 Absorbed by Shields . | . . . . Core Remaining (%) 93 | 100 . 86 . Volleys Fired 35 | . 10 9 16 Largest 2 | . 2 2 1 Hottest 90 | . 90 65 30 Shots Fired 40 | . 12 12 16 Gun 11 | . . . 11 Cannon 12 | . 4 8 . Launcher 17 | . 8 4 5 Special . | . . . . Kinetic 19 | . . 8 11 Thermal 4 | . 4 . . Explosive 17 | . 8 4 5 Electromagnetic . | . . . . Robot Hit Streak 5 | . 5 2 4 Robot Miss Streak 2 | . 1 1 2 Penetration Max . | . . . . Secondary Targets . | . . . . Shots Hit Robots 19 | . 5 3 11 Core Hits 41 | . 19 6 16 Critical Kills . | . . . . Critical Parts Destroyed . | . . . . Critical Strikes . | . . . . Melee Attacks . | . . . . Impact . | . . . . Slashing . | . . . . Piercing . | . . . . Sneak Attacks . | . . . . Combat Hostiles . | . . . . Follow-up Attacks . | . . . . Damage Inflicted 1442 | . 649 218 575 Guns 190 | . . . 190 Cannons 86 | . 35 51 . Explosions 1166 | . 614 167 385 Melee . | . . . . Ramming . | . . . . Kinetic 241 | . . 51 190 Thermal 35 | . 35 . . Explosive 1166 | . 614 167 385 Electromagnetic . | . . . . Impact . | . . . . Slashing . | . . . . Piercing . | . . . . Highest Corruption . | . . . . Average Corruption . | . . . . Corruption Purged . | . . . . Corruption Blocked . | . . . . Overload Shots . | . . . . Overflow Damage 14 | . 14 . . Projectiles . | . . . . Explosions 14 | . 14 . . Melee . | . . . . Knockbacks . | . . . . Impact . | . . . . Kinetic . | . . . . Secondary . | . . . . Self-Inflicted Damage 39 | . 39 . . Shots 1 | . 1 . . Rammed 1 | . 1 . . Targets Rammed 1 | . 1 . . Kicked . | . . . . Crushed . | . . . . Highest Temperature 58 | . 40 21 58 Average Temperature 17 | . 20 8 22 Received Heat Transfer 414 | . . 27 387 Siege Activations . | . . . . Robots Corrupted . | . . . . Combat Hostiles . | . . . . Parts Fried . | . . . . Impact Corruptions . | . . . . Robots Melted . | . . . . Combat Hostiles . | . . . . Parts Melted . | . . . . Heat Transferred 74 | . 74 . . Parts Sabotaged . | . . . . Parts Stolen . | . . . . Parts Stripped . | . . . . Power Chain Reactions . | . . . . Alert | -11 -10 -10 -9 ------- Run | Yrd Mat Min Mat Peak Influence 193 | . 193 103 153 Initial 39 | . . 14 39 Average 44 | . 57 40 46 Maximum Alert Level . | . . . . Low Security (%) 100 | 100 100 100 100 Level 1 . | . . . . Level 2 . | . . . . Level 3 . | . . . . Level 4 . | . . . . Level 5 . | . . . . High Security . | . . . . Max Security . | . . . . Squads Dispatched 1 | . . . 1 Investigation 1 | . . . 1 Extermination . | . . . . Reinforcement . | . . . . Assault . | . . . . Garrison . | . . . . Intercept . | . . . . Searches Triggered . | . . . . Construction Impeded . | . . . . Haulers Reinforced . | . . . . Active Scanning Responses . | . . . . Cargo Convoy Interrupts . | . . . . Stealth | -11 -10 -10 -9 --------- Run | Yrd Mat Min Mat Distress Signals 1 | . . 1 . Communications Jammed . | . . . . Distress Signals . | . . . . Times Spotted 26 | . 8 2 16 Peak Tracking Total 7 | . 3 2 7 Tactical Retreats . | . . . . Traps | -11 -10 -10 -9 ------- Run | Yrd Mat Min Mat Traps Triggered 1 | . 1 . . Indirectly . | . . . . Trap Hack Attempts . | . . . . Triggered . | . . . . Disarmed . | . . . . Reprogrammed . | . . . . Reused . | . . . . Traps Extracted . | . . . . Installed . | . . . . Triggered . | . . . . Machines | -11 -10 -10 -9 ---------- Run | Yrd Mat Min Mat Machines Disabled 3 | . . 2 1 Max in Single Turn 2 | . . 2 1 Machines Repaired . | . . . . Machines Dismantled . | . . . . Machines Sabotaged . | . . . . Overloaded Fab Kills . | . . . . Hacking | -11 -10 -10 -9 --------- Run | Yrd Mat Min Mat Machines Accessed 3 | . 2 . 1 Terminals 2 | . 2 . . Fabricators . | . . . . Repair Stations . | . . . . Recycling Units 1 | . . . 1 Scanalyzers . | . . . . Garrison Access . | . . . . Total Hacks 18 | . 7 . 11 Successful 17 | . 6 . 11 Failed 1 | . 1 . . Catastrophic . | . . . . Database Lockouts . | . . . . Manual . | . . . . Terminals 7 | . 7 . . Fabricators . | . . . . Repair Stations . | . . . . Recycling Units 11 | . . . 11 Scanalyzers . | . . . . Garrison Access . | . . . . Terminal Hacks 6 | . 6 . . Alert Level 6 | . 6 . . Fabricator Hacks . | . . . . Repair Station Hacks . | . . . . Recycling Unit Hacks 11 | . . . 11 Recycle Component 7 | . . . 7 Process 2 | . . . 2 Report Inventory 1 | . . . 1 Retrieve Matter 1 | . . . 1 Scanalyzer . | . . . . Garrison Access Hacks . | . . . . Unauthorized Hacks . | . . . . Terminals . | . . . . Fabricators . | . . . . Repair Stations . | . . . . Recycling Units . | . . . . Scanalyzers . | . . . . Garrison Access . | . . . . Data Cores Recovered . | . . . . Used . | . . . . Hacking Detections 2 | . 1 . 1 Full Trace Events 1 | . . . 1 Feedback Events . | . . . . Feedback Blocked . | . . . . Robot Schematics Acquired . | . . . . Robots Built . | . . . . Authchips . | . . . . Time . | . . . . Total Robot Build Rating . | . . . . Part Schematics Acquired . | . . . . Parts Built . | . . . . Authchips . | . . . . Time . | . . . . Total Part Build Rating . | . . . . Parts Repaired . | . . . . Time . | . . . . Parts Recycled 7 | . . . 7 Recycled Matter 196 | . . . 196 Retrieved Matter 76 | . . . 76 Retrieved Components . | . . . . Parts Scanalyzed . | . . . . Part Schematics Acquired . | . . . . Parts Damaged . | . . . . Bothacking | -11 -10 -10 -9 ------------ Run | Yrd Mat Min Mat Used RIF Installer . | . . . . Robots Hacked . | . . . . Non-combat . | . . . . Combat . | . . . . Robot Hacks Applied . | . . . . Relay Couplers Released . | . . . . Fabnet Peak Effective % . | . . . . Robots Rewired . | . . . . Allies Hacked . | . . . . Hacks Repelled . | . . . . Allies | -11 -10 -10 -9 -------- Run | Yrd Mat Min Mat Total Allies . | . . . . Largest Group . | . . . . Highest-Rated Group . | . . . . Highest-Rated Ally . | . . . . Total Orders . | . . . . Ally Attacks . | . . . . Total Damage . | . . . . Kills . | . . . . Allies Corrupted . | . . . . Allies Melted . | . . . . Intel | -11 -10 -10 -9 ------- Run | Yrd Mat Min Mat Robot Analysis Total . | . . . . Derelict Logs Recovered . | . . . . Drone Launches . | . . . . Drone Recoveries . | . . . . Exploration | -11 -10 -10 -9 ------------- Run | Yrd Mat Min Mat Turns Passed 2015 | 98 566 795 556 Spaces Moved 872 | 56 274 321 221 Core 9 | 5 . . 4 Treads 703 | 51 274 321 57 Legs 160 | . . . 160 Wheels . | . . . . Hover . | . . . . Flight . | . . . . Fastest Speed 50 | 50 160 240 190 Average Speed 214 | 150 190 240 225 Slowest Speed 400 | 160 240 240 400 Overloaded Moves . | . . . . Propulsion Burnouts . | . . . . Robots Hopped . | . . . . Cave-ins Triggered . | . . . . Exploration Rate (%) 31 | 5 45 51 25 Regions Visited 3 Branch Regions 1 Pre-discovered Areas 1 | . . 1 . Known Exits Taken 1 | . 1 . . Unknown Exits Taken 2 | 1 . 1 . Scrap Searched 2 | . . 2 . Spaces Dug . | . . . . Terrain Destroyed 103 | . 49 22 32 Melee . | . . . . Projectile . | . . . . AOE 103 | . 49 22 32 Terrain Rammed . | . . . . Walls Destroyed . | . . . . Machines Disabled . | . . . . Actions | -11 -10 -10 -9 --------- Run | Yrd Mat Min Mat Total 975 | 71 306 334 264 Wait . | . . . . Move 869 | 55 273 320 221 Hop . | . . . . Pick Up 35 | 9 9 4 13 Fast Attach . | . . . . Attach 15 | 6 4 . 5 Detach 3 | . 1 . 2 Swap 9 | . 4 1 4 Drop 8 | 1 4 . 3 Fire 35 | . 10 9 16 Melee . | . . . . Ram . | . . . . Kick . | . . . . Crush 1 | . 1 . . Escape Stasis . | . . . . Rewire . | . . . . Trap . | . . . . Miscellaneous . | . . . . Route ------- -11/Scrapyard -10/Materials (discovered 2 exits: *Mat / *Min) -10/Mines -9/Materials (discovered 1 exit: *Min) History --------- Turn | Location | Event 14 | -11/Scrapyard | Discovered new exit (range 16) 99 | -11/Scrapyard | Entered Materials 257 | -10/Materials | Discovered new exit (range 16) 297 | -10/Materials | Identified exit to Mines 302 | -10/Materials | Build established: Mutant 368 | -10/Materials | Discovered new exit (range 8) 665 | -10/Materials | Entered Mines 666 | -10/Mines | Learned location of Storage (-8) 970 | -10/Mines | Discovered new exit (range 5) 1396 | -10/Mines | Assembled infested the area 1401 | -10/Mines | Assisted by a Guerilla fighting off Assembled 1460 | -10/Mines | Entered Materials 1460 | -9/Materials | Evolved 2 slots: Power x1, Utility x1 1898 | -9/Materials | Discovered new exit (range 8) 1912 | -9/Materials | Identified exit to Mines 2008 | -9/Materials | Core integrity fell below 50% 2016 | -9/Materials | Core integrity fell below 20% 2016 | -9/Materials | Destroyed by Y-45 Defender with Beam Rifle Last Messages --------------- Imp. Aluminum Leg destroyed. U-05 Engineer lays Concrete. K-01 Serf collects debris. U-05 Engineer builds a Wall. Imp. Aluminum Leg destroyed. K-01 Serf collects debris. Critical hit (Burn: +37). U-05 Engineer lays Concrete. U-05 Engineer builds a Wall. U-05 Engineer lays Concrete. K-01 Serf collects debris. U-05 Engineer lays Concrete. U-05 Engineer builds a Wall. K-01 Serf collects debris. U-05 Engineer lays Concrete. K-01 Serf destroyed. U-05 Engineer builds a Wall. Acquired 10 matter. U-05 Engineer lays Concrete. [Achievement: First Step to Greatness] Map ----- +----------------------------------------------------+ | ?????????????# ??????????????? | | ?????????????# ! ###+##??????????????? | | ?????????????# !! ## ###???????????????????? | | ?????????????# #? #?????????????????????? | | ?????????????##### ## ####/##????????????????????? | | ?????????????????##[ #????????????????????? | | ??????????????????# #????????????????????? | | ??????????????????# """ """ #????????????????????? | | ??????????????????# """ """ #????????????????????? | | ??????????????????# """ """ #????????????????????? | | ??????????????????# #????????????????????? | | ??????????????????# ! #????????????????????? | | ??????????????????# #########????????????? | | ??????????##############+#+## ##### #??? | | ??????????# ##### ^ T ????? | | ??????????# """ + > ^^ ""?????? | | ??????????# """ ##### #??? | | ??????????# """ #???# ## ##### #??? | | ??????????# #???# ## "!"|" #????????????? | | ??????????# """ #???# ##""!"|""#????????????? | | ??????????# """ #???# ##########????????????? | | ??????????# """ #???# #?????????????????????? | | ?????? # #???# a#?????????????????????? | | ???#+#+# #+######## ########??????????????? | | ?### % Y g + #????????????? | | =%* Y @ # #????????????? | | ??## = g g [=[#?? """ #????????????? | | ???# ####+#######s%s#????""" #????????????? | | ???# ????? ?????#=[=#??????"??????????????? | | ? ?????# """????# * #?????????????????????? | | ???????+ R" ??? #?????????????????????? | | ????????# """ #?## #?????????????????????? | | ?????????????# #??# #?????????????????????? | | ?????????????# ! ] ???# #?????????????????????? | | ?????????????### ###???# ?????????????????????? | | ????????????????#?????? ?????????????????????? | | ??????????????????????? ?????????????????????? | | ??????????????????????? #####????????????????????? | | ???????????????????????a?????????????????????????? | | ?????????????????????? ?????????????????????????? | | ??????????????????????? ?????????????????????????? | | ?????????????????????????????????????????????????? | | ?????????????????????????????????????????????????? | | ?????????????????????????????????????????????????? | | ?????????????????????????????????????????????????? | | ?????????????????????????????????????????????????? | | ?????????????????????????????????????????????????? | | ?????????????????????????????????????????????????? | | ?????????????????????????????????????????????????? | | ?????????????????????????????????????????????????? | +----------------------------------------------------+ Best States ------------- Heat Dissipation 42 Energy Generation 23 Energy Capacity 275 Matter Stores 292 Matter Capacity 500 Sight Range 16 Terrain Scan Density 10 Evasion (%) 40 Recoil Reduction 2 Item Schematics ----------------- None Robot Schematics ------------------ None Fabricated ------------ Nothing Alien Tech Used ----------------- None Achievements -------------- First Step to Greatness Let's See Who's Tougher Challenges ------------ None Game ------ Seed CannonStorageReconstructor Manual? 0 Play Time 00:26:52 Cumulative 0.3 hours Start 2024.05.07 @ 19:37:59 End 2024.05.07 @ 20:02:46 Sessions 1 Manual Loads 0 Difficulty Rogue Special Mode None Game No. 2 Rogue 2 Adventurer 0 Explorer 0 Win Type - Total 0 Types 0/0/0/0/0/0/0/0/0 Lore% 0 Gallery% 3 Achievement% 3 Wizard Run 0 Options --------- Layout 1 ASCII 0 Keyboard 0 Movement Mouse Keybinds 0 Fullscreen 2 Font 48/Smallcaps Map View 50x35 Zoom Use 0% Tactical HUD 0 Map Filters NONE Filters NONE Steam 1 RUN: ad4b5f18-b95a-4b01-9433-43eaf14b15f6